 Dungeon Crawl Stone Soup version 0.26.0-10-g1f06aea511 (webtiles) character file.

Game seed: 4367776217678909196

60 theswoord the Cudgeller (level 3, -2/29 HPs)
             Began as a Demonspawn Monk on Jan 13, 2021.
             Slain by a worm (5 damage)
             ... on level 2 of the Dungeon.
             The game lasted 00:00:57 (1309 turns).

theswoord the Cudgeller (Demonspawn Monk)           Turns: 1309, Time: 00:00:57

Health: -2/29      AC:  3    Str: 12    XL:     3   Next: 80%
Magic:  3/3        EV: 13    Int: 11    God:
Gold:   68         SH:  0    Dex: 15    Spells: 2/2 levels left

rFire    + . .     SeeInvis .   a - +0 mace
rCold    . . .     Faith    .   (no shield)
rNeg     . . .     Spirit   .   j - +0 robe (curse)
rPois    .         Reflect  .   c - +0 helmet
rElec    .         Harm     .   (no cloak)
rCorr    .         Rampage  .   (no gloves)
Will     .....                  (no boots)
Stlth    ++........             (no amulet)
HPRegen  0.09/turn              g - ring of protection from fire
MPRegen  0.08/turn              (no ring)

@: slowed, very slow
A: hooves 2
a: no special abilities


You were on level 2 of the Dungeon.
You visited 1 branch of the dungeon, and saw 2 of its levels.

You collected 68 gold pieces.

Inventory:

Hand Weapons
 a - a +0 mace (weapon)
Armour
 b - a +0 robe
 c - a +0 helmet (worn)
 j - a cursed +0 robe (worn)
Jewellery
 g - a ring of protection from fire (left hand)
Scrolls
 d - 2 scrolls of immolation {unknown}
 e - 2 scrolls of identify {unknown}
 f - a scroll of blinking {unknown}
 i - a scroll of fear {unknown}
 k - a scroll of remove curse {unknown}
 l - a scroll of magic mapping {unknown}
 n - a scroll of amnesia {unknown}
Potions
 h - a potion of brilliance {unknown}
 m - 2 potions of might {unknown}
 o - a potion of haste {unknown}


   Skills:
 - Level 3.0 Fighting
 + Level 4.3 Maces & Flails
 - Level 2.6 Dodging
 - Level 1.7 Stealth


You had 2 spell levels left.
You didn't know any spells.
Your spell library was empty.

Dungeon Overview and Level Annotations

Branches:
Dungeon (2/15)

Altars:


Innate Abilities, Weirdness & Mutations

You have hoof-like feet.


Message History

Natasha stares at you and mumbles some strange words.
The magic dart hits you.
* * * LOW HITPOINT WARNING * * *
The worm bites you but does no damage. Natasha barely misses you.
You closely miss Natasha. You kick Natasha.
Natasha is severely wounded.
Natasha claws you.
* * * LOW HITPOINT WARNING * * *
The worm bites you.
* * * LOW HITPOINT WARNING * * *
You hit Natasha. You kick Natasha.
You kill Natasha!
Natasha screams in fury as she dies!
The worm bites you.
* * * LOW HITPOINT WARNING * * *
Your Maces & Flails skill increases to level 4!
You barely miss the worm. You kick the worm.
The worm is moderately wounded.
The worm bites you.
You die...

#. #.# #. #.#
#..#.#
#..#.#########
#...........<#
#..#.#########
#.....#######
####.#........#
...(...@?####.#
.###..w†......#
#.....#....#
#...#.#.#.##
#$....# . #
#... ## ## #.#.
#.#.


You could see a worm.

Vanquished Creatures
  Natasha (D:2)
  A dart slug (D:1)
  2 leopard geckos (D:1)
  A giant cockroach (D:1)
  2 goblins (D:1)
  3 hobgoblins (D:1)
  4 jackals (D:1)
  A ball python (D:1)
  2 bats (D:1)
  2 frilled lizards (D:1)
  6 kobolds (D:1)
  5 rats (D:1)
30 creatures vanquished.

Notes
Turn   | Place    | Note
-------+----------+-------------------------------------------
     0 | D:1      | theswoord the Demonspawn Monk began the quest for the Orb.
     0 | D:1      | Reached XP level 1. HP: 18/18 MP: 1/1
    85 | D:1      | Reached skill level 3 in Maces & Flails
   337 | D:1      | Gained mutation: You have large cloven feet. [demonic
                  | ancestry]
   337 | D:1      | Reached XP level 2. HP: 20/24 MP: 2/2
   958 | D:1      | Gained mutation: You have hoof-like feet. [demonic
                  | ancestry]
   958 | D:1      | Reached XP level 3. HP: 23/29 MP: 3/3
  1298 | D:2      | Noticed Natasha
  1308 | D:2      | Killed Natasha
  1309 | D:2      | Reached skill level 4 in Maces & Flails
  1309 | D:2      | Slain by a worm

Skill      XL: |  1  2  3 |
---------------+----------+-----
Maces & Flails | 3 4 |  4.3
Fighting       | |  3.0
Dodging        | |  2.6
Stealth        | |  1.7

Action                   || total
-------------------------++-------
Melee: Mace              ||    75
       Kick              ||    16
 Stab: Sleeping          ||     4
Armor: Robe              ||    14
Dodge: Dodged            ||    49

Levels and vault maps discovered:
D:1:      minmay_arrival_stair_chambers, layout_basic, minmay_tall_x
D:2:      layout_basic, old_standard_altar, minmay_misc_feat_five,
          fedhas_altar_fruit_tree, uniq_robin, uniq_natasha
